 Dungeon Crawl Stone Soup version 0.17-a0-1719-g1afd5a1 (webtiles) character file.

89 kosy22 the Skirmisher (level 4, -7/41 HPs)
             Began as a Hill Orc Chaos Knight on Aug 27, 2015.
             Mangled by a gnoll
             ... wielding a +0 halberd
              (11 damage)
             ... on level 3 of the Dungeon.
             The game lasted 00:06:04 (2227 turns).

kosy22 the Skirmisher (Hill Orc Chaos Knight)       Turns: 2227, Time: 00:06:06

Health: -7/41      AC:  8    Str: 15    XL:     4   Next: 55%
Magic:  4/4        EV:  6    Int: 12    God:    Xom [..*...]
Gold:   80         SH:  0    Dex: 10    Spells: 0 memorised, 3 levels left

rFire  . . .     SeeInvis .     a - +0 falchion (chaos)
rCold  . . .     Clarity  .     l - +0 chain mail
rNeg   . . .     SustAt   .     (no shield)
rPois  .         Gourm    .     (no helmet)
rElec  .         Spirit   .     (no cloak)
rCorr  .         Warding  .     (no gloves)
rMut   .         Stasis   .     (no boots)
MR     .....                    (no amulet)
Stlth  ..........               (no ring)
                                (no ring)

@: not resistant to hostile enchantments, extremely unstealthy
A: no striking features
a: Renounce Religion


You were on level 3 of the Dungeon.
You worshipped Xom.
You were a toy of Xom.
You were not hungry.

You visited 1 branch of the dungeon, and saw 3 of its levels.

You collected 80 gold pieces.

Inventory:

Hand weapons
 a - a +0 falchion of chaos (weapon)
Armour
 b - a +2 leather armour
 h - a +0 troll leather armour
 l - a +0 chain mail (worn)
 o - a +1 leather armour of poison resistance
Scrolls
 d - 2 scrolls of teleportation
 k - a scroll of remove curse
 p - 2 scrolls of recharging {unknown}
Potions
 e - a potion of heal wounds {unknown}
 f - 2 potions of lignification {unknown}
 i - a potion of magic {unknown}
 j - a potion of haste
 m - a potion of flight {unknown}
 n - a potion of degeneration {unknown}
Comestibles
 c - 2 bread rations
 g - 2 meat rations
 q - a beef jerky


   Skills:
 + Level 4.7 Fighting
 + Level 4.3 Long Blades
 + Level 2.5 Armour
 + Level 1.2 Dodging
 + Level 0.6 Stealth


You had 3 spell levels left.
You didn't know any spells.

Dungeon Overview and Level Annotations

Branches:
Dungeon (3/15)

Altars:
Cheibriados
Makhleb


Message History

You barely miss the gnoll. The gnoll barely misses you.
The gnoll barely misses you.
You hit the gnoll.
The gnoll goes berserk!
Xom is highly amused!
The gnoll is lightly wounded.
The gnoll hits you but does no damage.
The gnoll hits you from afar with a halberd!
You hit the gnoll. You freeze the gnoll.
The gnoll is heavily wounded.
The gnoll hits you with a spear!
The gnoll hits you from afar with a halberd.
* * * LOW HITPOINT WARNING * * *
The gnoll hits you but does no damage.
You hit the gnoll. You freeze the gnoll.
The gnoll is severely wounded.
The gnoll hits you with a spear!
* * * LOW HITPOINT WARNING * * *
The gnoll hits you from afar with a halberd!
You die...
Xom bursts into laughter!

#.#
######.####..#.#
#.#
#.####......#
#.#
#.##......###
#.. #.##.##.###
##. ####.##.##.#
. ..#.......#
.#.# #.####.####
....g##.####.#
#ggg@...(.#
####.###### #.#
..# ####


You could see 4 gnolls.

Vanquished Creatures
  4 adders
  2 worms (D:2)
  5 giant geckos
  4 bats
  A giant cockroach (D:2)
  6 hobgoblins (D:1)
  4 jackals (D:1)
  A ball python (D:2)
  A giant newt (D:2)
  7 goblins
  2 kobolds
  7 rats
44 creatures vanquished.

Notes
Turn   | Place    | Note
--------------------------------------------------------------
     0 | D:1      | kosy22 the Hill Orc Chaos Knight began the quest for the Orb.
     0 | D:1      | Reached XP level 1. HP: 19/19 MP: 1/1
   100 | D:1      | XOM: potion effect (curing)
   162 | D:1      | Reached XP level 2. HP: 18/27 MP: 2/2
   174 | D:1      | XOM: harmless Ice miscast
   243 | D:1      | Reached skill level 4 in Fighting
   425 | D:1      | XOM: divination: detect creatures
   631 | D:1      | Reached XP level 3. HP: 30/33 MP: 3/3
   930 | D:1      | Reached skill level 1 in Dodging
  1259 | D:2      | Found a faded altar to an unknown god.
  1556 | D:2      | Reached XP level 4. HP: 41/41 MP: 4/4
  1580 | D:2      | Found a burning altar of Makhleb.
  1615 | D:2      | Found a snail-covered altar of Cheibriados.
  2227 | D:3      | Mangled by a gnoll

Vault maps used:
D:1:      minmay_arrival_jagged, minmay_crystal_water
D:2:      lemuel_coloured_pillars_altar, ecumenical_altar_1, cheibriados_altar_1

Action                   |  1- 3 |  4- 6 || total
-------------------------+-------+-------++-------
Melee: Falchion          |    90 |    59 ||   149
  Use: Scroll            |     4 |     1 ||     5
 Stab: Paralysed         |     5 |       ||     5
  Eat: Meat ration       |     1 |       ||     1
